[Event "*** Titled Tuesday Blitz"]
[Site "Chess.com"]
[Date "2018.08.07"]
[Round "10"]
[White "FearNoEvil12"]
[Black "inegrepus"]
[Result "1/2-1/2"]
[WhiteElo "1964"]
[BlackElo "2214"]
[TimeControl "180+2"]
[EndTime "15:20:01 PDT"]
[Termination "Game drawn by repetition"]

1. e4 e6 2. d4 d5 3. Nc3 dxe4 4. Nxe4 Nd7 5. Nf3 Ngf6 6. Bg5 h6 7. Bxf6 Nxf6 8. Bd3 Be7 9. Qe2 O-O 10. c3 Nd5 11. Qd2 b6 12. O-O Bb7 13. Rae1 Rc8 14. Bb1 Re8 15. Ng3 Bg5 16. Qd3 g6 17. Nxg5 Qxg5 18. Re5 Qe7 19. Qd2 Kg7 20. f4 f5 21.
Rfe1 Qh4 22. Rf1 c5 23. Qf2 Qd8 24. h4 h5 25. dxc5 Rxc5 26. Rfe1 Kf7 27. Nf1 Nf6 28. Nh2 Rxe5 29. fxe5 Ng4 30. Nxg4 hxg4 31. Bc2 Qc7 32. Qf4 Rh8 33. Qg5 Qe7 34. Qxe7+ Kxe7 35. g3 Rd8 36. Rd1 Rxd1+ 37. Bxd1 Bd5 38. a3 Kd7 39. Kf2 Kc6 40. Ke3 Kc5 41. b3 Be4 42. Be2 Bc2 43. b4+ Kd5 44.
Kf4 Ba4 45. Bd3 Be8 46. Be2 a5 47. Bd3 axb4 48. axb4 Bd7 49. Be2 Be8 50. Bd3 Bd7 51. Be2 Be8 52. Bd3 1/2-1/2

[Event "*** Titled Tuesday Blitz"]
[Site "Chess.com"]
[Date "2018.08.07"]
[Round "10"]
[White "David_Klein"]
[Black "Martins-BR"]
[Result "1-0"]
[WhiteElo "2492"]
[BlackElo "2317"]
[TimeControl "180+2"]
[EndTime "15:20:03 PDT"]
[Termination "David_Klein won by resignation"]

1. Nf3 f5 2. g4 fxg4 3. Ne5 d6 4. Nc4 Nf6 5. Nc3 e5 6. d4 exd4 7. Qxd4 Nc6 8. Qd2 Be6 9. Ne3 Qd7 10. Bg2 O-O-O 11. b4 Kb8 12. b5 Ne5 13. Bb2 g6 14. a4 Bg7 15. a5 Nc4 16. Nxc4 Bxc4 17. b6 cxb6 18. axb6 a6 19. Qd4 d5 20. Qf4+ Ka8 21.
h3 gxh3 22. Rxh3 Qd6 23. Rh4 Qxb6 24. Na4 Qd6 25. Be5 Qb4+ 26. c3 Qf8 27. Nb6+ Ka7 28. Qd4 Rd6 29. Nxc4+ Ka8 30. Nxd6 Qe7 31. Rxa6+ bxa6 32.
Bxd5+ Nxd5 33. Qxd5+ Ka7 34. Qc5+ Ka8 35. Qc6+ Ka7 36.
Ra4 1-0

[Event "*** Titled Tuesday Blitz"]
[Site "Chess.com"]
[Date "2018.08.07"]
[Round "10"]
[White "BasilSmash"]
[Black "hypert"]
[Result "1-0"]
[WhiteElo "2434"]
[BlackElo "2351"]
[TimeControl "180+2"]
[EndTime "15:20:06 PDT"]
[Termination "BasilSmash won by resignation"]

1. d4 Nf6 2. Nf3 e6 3. Bf4 d5 4.
e3 c5 5. c3 Nc6 6. Nbd2 Qb6 7.
Qb3 c4 8. Qxb6 axb6 9. a3 b5 10.
Rc1 Nh5 11. Bg5 h6 12. Bh4 g5 13. Bg3 Nxg3 14. hxg3 Bg7 15. e4 O-O 16. Be2 f5 17. e5 Bd7 18. Bd1 Be8 19. Bc2 Bg6 20. Nf1 Ne7 21. Ne3 f4 22. gxf4 Rxf4 23. Ke2 Raf8 24.
Bxg6 Nxg6 25. Rcf1 Re4 26. g3 Nf4+ 27. gxf4 gxf4 28. Rfg1 fxe3 29. fxe3 h5 30. Rxh5 Rf5 31. Rh3 Kf7 32. Ng5+ Rxg5 33. Rxg5 Bf8 34. Rh7+ Ke8 35. Rg8 b4 36. axb4 b5 37. Kf3 Rh4 38. Rxh4 Kf7 39.
Rxf8+ Kxf8 40. Rh7 1-0

[Event "*** Titled Tuesday Blitz"]
[Site "Chess.com"]
[Date "2018.08.07"]
[Round "10"]
[White "SergeiAza"]
[Black "Mr_Penings"]
[Result "1-0"]
[WhiteElo "2703"]
[BlackElo "2517"]
[TimeControl "180+2"]
[EndTime "15:20:08 PDT"]
[Termination "SergeiAza won by checkmate"]

1. e4 c5 2. Nf3 e6 3. d4 cxd4 4.
Nxd4 a6 5. Be2 Qc7 6. O-O Nf6 7.
Nc3 Nc6 8. Be3 h5 9. h3 b5 10. Nxc6 dxc6 11. Bd3 e5 12. a4 Bb7 13.
Qf3 Be7 14. Ne2 g6 15. Rfd1 O-O 16. Ng3 h4 17. Nf1 Nh5 18. Nh2 Nf4 19. Bxf4 exf4 20. Ng4 Bd6 21. Re1 Be5 22. c3 Rad8 23. Bc2 c5 24.
axb5 axb5 25. Ra7 Bg7 26. e5 Bxf3 27. Rxc7 Bxg4 28. hxg4 Rd2 29. Bd1 Rfd8 30. Bf3 Rxb2 31. e6 Bxc3 32. exf7+ Kf8 33. Re6 Rb1+ 34. Kh2 Bd4 35.
Rxg6 Bg7 36. Re6 Bd4 37. Bc6 Bxf2 38. Re8+ Kg7 39. f8=Q+ Kg6 40. Qg7# 1-0

[Event "*** Titled Tuesday Blitz"]
[Site "Chess.com"]
[Date "2018.08.07"]
[Round "10"]
[White "W_Amadeus"]
[Black "NemtsevIgor"]
[Result "1-0"]
[WhiteElo "2570"]
[BlackElo "2391"]
[TimeControl "180+2"]
[EndTime "15:20:12 PDT"]
[Termination "W_Amadeus won by resignation"]

1. d4 c6 2. c4 d6 3. Nc3 Nd7 4.
e4 h6 5. Bd3 g5 6. Nge2 Bg7 7.
O-O Nf8 8. f4 Qb6 9. Kh1 gxf4 10.
Bxf4 Ne6 11. Be3 Qa5 12. d5 Nf8 13. dxc6 bxc6 14. Nd4 Bd7 15. Nf5 Be5 16. Rb1 e6 17. Nd4 c5 18. Nf3 Bg7 19. e5 dxe5 20. Ne4 f5 21. Nd6+ Ke7 22. Nb7 Qc7 23. Bxc5+ Kf6 24. Nxe5 Qxe5 25. Bxf5 Qxf5 26. Rxf5+ exf5 27. Bxf8 Rxf8 28. Qxd7 Kg6 29. Nd6 h5 30. Rf1 Nh6 31. c5 Rd8 32.
Qe6+ Kh7 33. c6 Rhf8 34. c7 Rxd6 35. Qxd6 Ng4 36. Qxf8 Bxf8 37. c8=Q Bg7 38. Qxf5+ Kh6 39. Qxg4 hxg4 40. b3 1-0

[Event "*** Titled Tuesday Blitz"]
[Site "Chess.com"]
[Date "2018.08.07"]
[Round "10"]
[White "oskariot"]
[Black "FairChess_on_YouTube"]
[Result "0-1"]
[WhiteElo "2486"]
[BlackElo "2949"]
[TimeControl "180+2"]
[EndTime "15:20:19 PDT"]
[Termination "FairChess_on_YouTube won by resignation"]

1. e4 Na6 2. d4 Nh6 3. Nf3 d5 4. exd5 Qxd5 5. c4 Qd8 6. Be2 g6 7. O-O Bg7 8. Nc3 O-O 9. Bg5 Nf5 10. d5 h6 11. Bf4 c6 12. dxc6 bxc6 13. Qa4 Qb6 14.
Qa3 Nb4 15. Na4 Qa5 16. Bd2 c5 17. Qb3 Rd8 18. a3 Rxd2 19. axb4 Qd8 20. Nxd2 Qxd2 21. Qd3 Qxb4 22. Bf3 Rb8 23. Qd8+ Kh7 24. Qc7 Bd4 25. Qxa7 Be6 26. Bd5 Bxd5 27. cxd5 c4 28. Qc7 Bf6 29. Rfc1 Nd6 30. Qc5 Qxc5 31. Nxc5 Bxb2 32. Rab1 Rb5 33. Rc2 Rxc5 34. Rbxb2 Rxd5 35. Rb1 g5 36. Re1 Kg6 37. f3 e6 38. Kf2 h5 39. Ra1 g4 40. Ra4 Kf5 41.
Rca2 e5 42. Ra5 Rd3 43. Re2 f6 44. Rc5 gxf3 45. gxf3 Kf4 46. Rxc4+ Nxc4 47. Re4+ Kg5 48.
Rxc4 Rd4 49. Rc8 Kf4 50. Rf8 f5 51. Rh8 Rd2+ 0-1

[Event "*** Titled Tuesday Blitz"]
[Site "Chess.com"]
[Date "2018.08.07"]
[Round "10"]
[White "hansen"]
[Black "GMKrikor"]
[Result "1-0"]
[WhiteElo "2685"]
[BlackElo "2755"]
[TimeControl "180+2"]
[EndTime "15:20:19 PDT"]
[Termination "hansen won by checkmate"]

1. e4 c5 2. Nf3 g6 3. d4 cxd4 4.
Nxd4 Nc6 5. c4 Nf6 6. Nc3 d6 7. Be2 Nxd4 8. Qxd4 Bg7 9. Bg5 O-O 10. Qd2 Be6 11. O-O a5 12. Rac1 a4 13. f3 Qa5 14.
Kh1 Rfc8 15. b3 axb3 16. axb3 Qb4 17. Rb1 Nd7 18. Rfc1 Ra3 19. Bxe7 Rxb3 20. Rxb3 Qxb3 21. Nb5 Ra8 22. Bd1 Qb2 23. Qxb2 Bxb2 24. Rb1 Be5 25.
Nxd6 Bxd6 26. Bxd6 Bxc4 27. h4 b5 28. Kh2 Ra6 29. Bb4 f6 30. Rb2 Kf7 31. Rd2 Ke6 32. Kg3 Ne5 33. Bc2 Ra2 34. f4 Nf7 35. f5+ gxf5 36. exf5+ Ke5 37. Bc3# 1-0

[Event "*** Titled Tuesday Blitz"]
[Site "Chess.com"]
[Date "2018.08.07"]
[Round "10"]
[White "Alopekos"]
[Black "Orest_Vovk"]
[Result "1-0"]
[WhiteElo "2461"]
[BlackElo "2326"]
[TimeControl "180+2"]
[EndTime "15:20:19 PDT"]
[Termination "Alopekos won by resignation"]

1. e4 g5 2. d4 Bg7 3. c3 d5 4. e5 c5 5. Bxg5 Nc6 6. Nf3 Qb6 7. Qb3 c4 8. Qc2 Bf5 9. Qc1 e6 10. Nh4 Nxd4 11. cxd4 Qxd4 12. Nf3 Qe4+ 13. Be2 Bxe5 14. Nbd2 Qg4 15. h3 Qh5 16. Rg1 Qg6 17. g4 Bd3 18.
Nxe5 Qxg5 19. Nxd3 cxd3 20. Bxd3 Qe5+ 21. Kf1 Nf6 22.
Nf3 Qd6 23. Qc3 Qf4 24. g5 d4 25. Bb5+ Nd7 26. Qxd4 Qxf3 27. Qxh8+ Ke7 28. Qc3 Qf5 29. Qd3 Qxd3+ 30. Bxd3 Ne5 31. Ke2 Rd8 32. Rgd1 Rg8 33. f4 Nc6 34. Be4 h6 35. gxh6 Rg3 36.
h7 Rxh3 37. Rh1 Nd4+ 38. Kf2 Rxh7 39. Rxh7 1-0

[Event "*** Titled Tuesday Blitz"]
[Site "Chess.com"]
[Date "2018.08.07"]
[Round "10"]
[White "saraswathii"]
[Black "Last7Samurai"]
[Result "0-1"]
[WhiteElo "2319"]
[BlackElo "2597"]
[TimeControl "180+2"]
[EndTime "15:20:30 PDT"]
[Termination "Last7Samurai won by checkmate"]

1. e4 b6 2. d3 Bb7 3. Nf3 g6 4.
g3 Bg7 5. Bg2 e6 6. O-O Ne7 7. c3 d6 8. Qe2 h6 9. Na3 Nd7 10. Nc2 a6 11. d4 b5 12. a4 bxa4 13. Rxa4 O-O 14. h4 d5 15. e5 Bc6 16. Rxa6 Rb8 17. Na3 Qc8 18. Ra7 Rb6 19. h5 g5 20.
Nh2 Qb8 21. Ra6 Rb3 22. f4 gxf4 23. Rxf4 Qb7 24. Rg4 Nf5 25. Bf1 Bb5 26. Nxb5 Qxa6 27.
Nf3 c5 28. Nh4 cxd4 29. Nxf5 exf5 30. Rxd4 Nxe5 31. Rxd5 Re8 32. Qc2 Qb6+ 33. Kh1 Nf3 34. Qg2 Ne1 35. Qh3 Qe6 36. Rxf5 Qe4+ 37. Kg1 Nf3+ 38.
Kf2 Qe1+ 39. Kxf3 Qxc1 40. Bc4 Qe3+ 41. Kg4 Re4+ 42. Rf4 Rxc4 43. Rxc4 Qe6+ 44. Kh4 Bf6# 0-1

[Event "*** Titled Tuesday Blitz"]
[Site "Chess.com"]
[Date "2018.08.07"]
[Round "10"]
[White "Margency"]
[Black "Makalexa"]
[Result "1-0"]
[WhiteElo "2722"]
[BlackElo "2147"]
[TimeControl "180+2"]
[EndTime "15:20:42 PDT"]
[Termination "Margency won by resignation"]

1. e4 e5 2. Nf3 Nc6 3. Bc4 Bc5 4. d3 Nf6 5. O-O O-O 6. Nbd2 d5 7. exd5 Nxd5 8. Re1 f6 9. Ne4 Bb6 10. Nc3 Be6 11. d4 Kh8 12. dxe5 Nxc3 13. Qxd8 Nxd8 14. Bxe6 Nxe6 15. exf6 Nd4 16. fxg7+ Kxg7 17. bxc3 Nxf3+ 18.
gxf3 Rxf3 19. Be3 Raf8 20. Re2 Bxe3 21. fxe3 R3f5 22. Rd1 Ra5 23. Rg2+ Kf7 24. Rd7+ Ke6 25. Rxc7 Rxa2 26. h3 Rf7 27. Rg7 Rxg7+ 28. Rxg7 a5 29. Rxb7 Rxc2 30. Rxh7 Kf5 31. Re7 a4 32. Ra7 Ra2 33.
h4 a3 34. h5 Kg4 35. h6 Kg3 36. Rg7+ Kf3 37. h7 Ra1+ 38. Kh2 Ra2+ 39. Kh3 Ra1 40. Rg3+ Kf2 41. Rg2+ Kf3 42. h8=Q Rh1+ 43. Rh2 Rxh2+ 44. Kxh2 a2 45. Qa8+ 1-0

[Event "*** Titled Tuesday Blitz"]
[Site "Chess.com"]
[Date "2018.08.07"]
[Round "10"]
[White "aa175"]
[Black "epccmelech"]
[Result "1-0"]
[WhiteElo "1920"]
[BlackElo "1639"]
[TimeControl "180+2"]
[EndTime "15:20:45 PDT"]
[Termination "aa175 won on time"]

1. e4 e6 2. d4 d5 3. e5 c5 4. c3 Qb6 5. Nf3 Bd7 6. Bd3 Bb5 7. Bxb5+ Qxb5 8. Qe2 Qxe2+ 9. Kxe2 Nc6 10. Be3 b6 11. Na3 Nh6 12. Nb5 Kd7 13. Bxh6 gxh6 14. h4 Rg8 15.
Rh3 a6 16. Na3 Be7 17. Rg3 Rxg3 18. fxg3 Rg8 19. Kf2 Rg4 20. Re1 cxd4 21. cxd4 Nxd4 22. Nb1 Nxf3 23. gxf3 Rb4 24. b3 a5 25. Nc3 b5 26. Rb1 a4 27. bxa4 Rxb1 28. Nxb1 bxa4 29. Nc3 a3 30. Ke3 Kc6 31. Kd3 Kc5 32. Ne2 Kb4 33.
Nd4 Bc5 34. Nc6+ Kb5 35. Nd8 h5 36. Nxf7 Bf2 37. Ng5 Bxg3 38. Nxe6 Bxe5 39. Ng5 Bg3 40. Kd4 Bxh4 41. Nxh7 Be7 42. f4 h4 43. f5 h3 44. f6 Bxf6+ 45. Nxf6 h2 46. Nxd5 h1=Q 47. Nc3+ 1-0

[Event "*** Titled Tuesday Blitz"]
[Site "Chess.com"]
[Date "2018.08.07"]
[Round "10"]
[White "AlanZhang"]
[Black "DACF2905"]
[Result "1-0"]
[WhiteElo "1952"]
[BlackElo "2110"]
[TimeControl "180+2"]
[EndTime "15:20:51 PDT"]
[Termination "AlanZhang won by resignation"]

1. e4 c5 2. Nf3 e6 3. d4 cxd4 4. Nxd4 a6 5. a4 Bc5 6. Nb3 Ba7 7. Nc3 d6 8. Bd3 Nf6 9. Bd2 Nc6 10. O-O O-O 11. Kh1 e5 12. f4 exf4 13. Bxf4 Ne5 14. Qe1 Qd7 15. Bxe5 dxe5 16. Rxf6 gxf6 17. Nd5 Qe6 18.
Qg3+ Kh8 19. Rf1 Rg8 20. Qh4 f5 21. Nf6 Rg7 22. exf5 Qc6 23. Be4 Qxa4 24. Nh5 Bd7 25. Nxg7 Bc6 26. Qf6 Kg8 27. Nh5 Kf8 28. Bxc6 Qxc6 29.
Qh8+ Ke7 30. Qxa8 Be3 31. f6+ Ke6 32. Qd8 Qd6 33. Qxd6+ Kxd6 34. Rd1+ Ke6 35. Na5 b5 36. Nc6 Kf5 37. Rf1+ Kg5 38. Ng3 Bf4 39. Ne4+ Kf5 40.
g3 Kxe4 41. gxf4 exf4 42. Nd8 Kf5 43. Nxf7 Kxf6 44. Rxf4+ Kg6 45. Ne5+ Kg5 46. Rf3 b4 47. Kg2 1-0

[Event "*** Titled Tuesday Blitz"]
[Site "Chess.com"]
[Date "2018.08.07"]
[Round "10"]
[White "ChrisTool2"]
[Black "nitpicker"]
[Result "1-0"]
[WhiteElo "2261"]
[BlackElo "2130"]
[TimeControl "180+2"]
[EndTime "15:20:56 PDT"]
[Termination "ChrisTool2 won on time"]

1. e4 e5 2. Nf3 Nc6 3. Bb5 a6 4. Bxc6 dxc6 5. O-O Ne7 6. Nxe5 Qd4 7. Nf3 Qxe4 8. Re1 Qg6 9. Ne5 Qf5 10. Qf3 Qxf3 11. Nxf3 Bg4 12. Ne5 Be6 13. d3 O-O-O 14. Nc3 Nd5 15.
Bd2 Bd6 16. Nc4 Nb4 17. Nxd6+ cxd6 18. Rac1 h6 19. a3 Nd5 20. Nxd5 Bxd5 21. Bc3 f6 22. Re7 Rd7 23. Rce1 b6 24. f3 Kd8 25. Rxg7 Rf8 26. Rg6 Rdf7 27. Rxh6 Kd7 28. Rh4 f5 29. Rh6 c5 30.
Bd2 f4 31. Bc3 Rg8 32. Re2 Bxf3 33. Rf2 Bd5 34. Bd2 f3 35. g3 Re7 36. Kf1 Rge8 37. g4 Re2 38. Rxe2 Rxe2 39. Bf4 Be6 40. g5 Rxc2 41.
g6 Rxb2 42. h4 b5 43. g7 Bd5 44. Rg6 Bg8 45. Rxd6+ Ke7 46. h5 1-0

[Event "*** Titled Tuesday Blitz"]
[Site "Chess.com"]
[Date "2018.08.07"]
[Round "10"]
[White "AquivaRubinstein"]
[Black "Caisachess"]
[Result "1-0"]
[WhiteElo "2416"]
[BlackElo "2236"]
[TimeControl "180+2"]
[EndTime "15:21:00 PDT"]
[Termination "AquivaRubinstein won by resignation"]

1. d4 Nf6 2. c4 e6 3. Nf3 Bb4+ 4. Nbd2 O-O 5. g3 b6 6. Bg2 Bb7 7. O-O Be7 8. Qc2 c5 9. dxc5 Bxc5 10. a3 Be7 11. e4 d6 12. b4 Qc7 13. Bb2 a5 14.
e5 Nfd7 15. exd6 Bxd6 16. Ng5 g6 17. Bxb7 Qxb7 18. Nde4 Be5 19. Bxe5 Nxe5 20. Nf6+ Kg7 21. f4 Kxf6 22. fxe5+ Kg7 23. Qf2 Qe7 24. Ne4 Nc6 25. b5 Nxe5 26. Qd4 f6 27. Nxf6 Rxf6 28. Qxe5 Rf8 29.
Rxf6 Qxf6 30. Qxf6+ Rxf6 31. Rd1 Rf3 32. Rd6 Rxa3 33. Rxb6 Kf6 34. c5 Rc3 35. c6 Ke5 36.
Ra6 Ke4 37. Kg2 g5 38. Rxa5 h5 39. Ra4+ Kd5 40. h3 Rc2+ 41. Kf3 Rc3+ 42. Ke2 Kd6 43. Rb4 Kc5 44. Rb1 Kb6 45. Rb2 Rxg3 46. Rc2 Rg2+ 47.
Kd3 Rxc2 48. Kxc2 g4 49. hxg4 hxg4 50. Kd3 g3 51. Ke3 e5 52. Kf3 1-0

[Event "*** Titled Tuesday Blitz"]
[Site "Chess.com"]
[Date "2018.08.07"]
[Round "10"]
[White "narutosmith"]
[Black "CarlssonLudvig"]
[Result "0-1"]
[WhiteElo "2111"]
[BlackElo "2208"]
[TimeControl "180+2"]
[EndTime "15:21:02 PDT"]
[Termination "CarlssonLudvig won by resignation"]

1. e4 e5 2. Nf3 Nc6 3. Bb5 a6 4. Ba4 Nf6 5. d3 d6 6. c4 Be7 7. Nc3 O-O 8. h3 Nd7 9. Be3 Nc5 10. Bxc5 dxc5 11. Bxc6 bxc6 12. Nxe5 Qd6 13. Nf3 Rd8 14.
Ke2 f5 15. e5 Qg6 16. Kf1 f4 17. Ne4 Bf5 18. Qe2 Rxd3 19. Qxd3 Bxe4 20. Qc3 Rd8 21.
Ne1 Rd4 22. b3 Qe6 23. Nf3 Rd3 24. Qe1 Qf5 25. Rd1 Rxf3 26. gxf3 Bxf3 27. Rh2 Bxd1 28. Qxd1 f3 29. Kg1 Bg5 30. h4 Bf4 31. Qf1 Bxh2+ 32. Kxh2 Qxe5+ 33. Kh1 Qe4 34. Qh3 Qe1+ 35. Kh2 Qxf2+ 36.
Kh1 Qg2+ 37. Qxg2 fxg2+ 38. Kxg2 Kf7 39. Kf3 Ke6 40. Ke4 g6 41. Kf4 h6 42. Ke4 g5 43.
hxg5 hxg5 44. Kf3 Kf5 45. a3 a5 46. a4 Ke5 47. Kg4 Kd4 48. Kxg5 Kc3 49. Kf4 Kxb3 50. Ke4 Kxc4 51. Ke3 Kb4 52. Kd2 Kxa4 53. Kc3 Ka3 54. Kc4 Kb2 55. Kd3 a4 56. Kc4 a3 57. Kxc5 a2 58. Kxc6 a1=Q 59. Kxc7 Qa6 0-1

[Event "*** Titled Tuesday Blitz"]
[Site "Chess.com"]
[Date "2018.08.07"]
[Round "10"]
[White "morphy1984"]
[Black "indfraeng"]
[Result "0-1"]
[WhiteElo "2474"]
[BlackElo "1959"]
[TimeControl "180+2"]
[EndTime "15:21:10 PDT"]
[Termination "indfraeng won on time"]

1. e4 e5 2. Nf3 Nf6 3. Nxe5 d6 4.
Nf3 Nxe4 5. Nc3 Nxc3 6. dxc3 Nd7 7. Bd3 Be7 8. Be3 Nf6 9. Qe2 O-O 10. O-O-O c5 11.
h3 Be6 12. Kb1 Qa5 13. c4 b5 14. b3 bxc4 15. Bxc4 Ne4 16. Bd2 Nxd2+ 17. Qxd2 Qa3 18. Bxe6 fxe6 19. Qc1 Qxc1+ 20. Kxc1 e5 21. Rhe1 Rad8 22. c4 Bf6 23. Kc2 Rfe8 24. Nd2 d5 25. cxd5 Rxd5 26. Ne4 Red8 27. Rxd5 Rxd5 28. Rd1 Rxd1 29. Kxd1 Be7 30. Kc2 Kf7 31. Kd3 Ke6 32. Kc4 Kf5 33. Nxc5 Bh4 34.
g3 Bg5 35. Kd5 Bd2 36. Ne4 Ba5 37. a3 Be1 38. b4 a6 39. Nd6+ Kf6 40. Kc4 Ke6 41.
Ne4 Kf5 42. f3 g5 43. a4 h5 44. b5 axb5+ 45. axb5 g4 46. hxg4+ hxg4 47. b6 Ba5 48. b7 Bc7 49. Kd3 gxf3 50. Ke3 Kg4 51. Kf2 Bb6+ 52. Kf1 Ba7 53. Ke1 Kh3 54. Kf1 Kg4 55.
Ke1 Bb8 56. Kf2 Ba7+ 57. Kf1 Kh3 58. Nc5 Kxg3 59. Nd7 e4 60. Nf6 e3 61. Ne4+ Kf4 62.
Nc3 Kg4 63. Ke1 Kf4 64. Kf1 f2 65. Ne2+ Kf3 66. Nc3 Kf4 67. Ke2 Ke5 68. Nd1 Kd6 0-1

[Event "*** Titled Tuesday Blitz"]
[Site "Chess.com"]
[Date "2018.08.07"]
[Round "10"]
[White "sergeikim"]
[Black "ruvat"]
[Result "0-1"]
[WhiteElo "2345"]
[BlackElo "2284"]
[TimeControl "180+2"]
[EndTime "15:21:18 PDT"]
[Termination "ruvat won by resignation"]

1. d4 d6 2. c4 e5 3. Nf3 e4 4. Ng5 Nf6 5. Nc3 Qe7 6. h4 h6 7. Nh3 g6 8. Nf4 c6 9. e3 Bg7 10. Be2 Na6 11. b3 Nc7 12. Bb2 h5 13. Qc2 Bf5 14.
O-O-O a6 15. d5 c5 16. Kb1 Rb8 17. a4 O-O 18. Ka2 Rfe8 19. Rb1 Bd7 20. Bc1 b5 21. f3 bxa4 22. bxa4 Rb4 23. Rxb4 cxb4 24. Nxe4 Nxe4 25. fxe4 Rb8 26. Kb3 Qe8 27. Qa2 Qxe4 28. Bd3 Qe5 29. Re1 a5 30. Bb2 Qxb2+ 31. Qxb2 Bxb2 32. Kxb2 Na6 33. Bc2 Nc5 34. e4 Bxa4 35. e5 Bxc2 36. Kxc2 dxe5 37. Rxe5 a4 38. d6 Nd7 39. Rb5 Rxb5 40.
cxb5 Kf8 41. Nd5 b3+ 42. Kb2 Nc5 43. Nf6 Nb7 44. Ne4 Ke8 45. Ka3 Kd7 46. Kxa4 b2 47. Nc3 Kxd6 48. Kb3 Kc5 49. Kxb2 Nd6 50. Kc2 Nxb5 51.
Ne4+ Kd4 52. Ng5 Nd6 53. Kd2 Ne4+ 54. Ke2 Nxg5 55. hxg5 Ke4 0-1

[Event "*** Titled Tuesday Blitz"]
[Site "Chess.com"]
[Date "2018.08.07"]
[Round "10"]
[White "Kimster98"]
[Black "Litti"]
[Result "1-0"]
[WhiteElo "2518"]
[BlackElo "2458"]
[TimeControl "180+2"]
[EndTime "15:21:34 PDT"]
[Termination "Kimster98 won by checkmate"]

1. d4 Nf6 2. c4 e6 3. Nf3 b6 4. g3 Ba6 5. b3 b5 6. Nbd2 bxc4 7.
bxc4 c5 8. Bg2 Bb7 9. Rb1 Qc7 10. O-O cxd4 11. Nxd4 Bxg2 12. Kxg2 Bc5 13. Nb5 Qc6+ 14. Nf3 O-O 15. Kg1 a6 16. Nc3 Qc7 17. Bf4 d6 18.
Na4 e5 19. Bg5 Ne4 20. Nxc5 Qxc5 21. Qd3 f5 22. Be3 Qc6 23. Rb6 Qa4 24. Qd5+ Kh8 25. Qxa8 Nd7 26. Qxa6 Nxb6 27. Qxb6 Qxa2 28. Ng5 Qxc4 29.
Nxe4 Qxe4 30. Qxd6 Rg8 31. Rd1 Qc2 32. Kg2 Qxe2 33. Rd2 Qb5 34. Qd5 Qb8 35. Bg5 h6 36. Be7 f4 37. Bd6 Qe8 38. Bxe5 f3+ 39. Kxf3 Rf8+ 40.
Kg2 Rf5 41. Bxg7+ Kxg7 42. Qxf5 Qa8+ 43. Qf3 Qe8 44. Re2 Qd8 45. Qe4 Kf7 46. Qe6+ Kg7 47. Qe7+ Qxe7 48. Rxe7+ Kg6 49. Re4 Kh5 50. Rh4+ Kg5 51.
Kf3 h5 52. Ke4 Kg6 53. Kf4 Kh6 54. g4 Kg6 55. Rxh5 Kf6 56. Kg3 Kg7 57. f4 Kg6 58. h4 Kg7 59. Rf5 Kg6 60. Kf3 Kg7 61.
Ke4 Kh6 62. h5 Kg7 63. g5 Kh7 64. Ke5 Kg7 65. Rf6 Kh7 66. f5 Kg7 67. Ke6 Kh7 68. Ke7 Kg7 69. Rg6+ Kh7 70. Kf7 Kh8 71. Rh6# 1-0

[Event "*** Titled Tuesday Blitz"]
[Site "Chess.com"]
[Date "2018.08.07"]
[Round "10"]
[White "Egorov_Pavel"]
[Black "Abrito99"]
[Result "0-1"]
[WhiteElo "2327"]
[BlackElo "2508"]
[TimeControl "180+2"]
[EndTime "15:21:54 PDT"]
[Termination "Abrito99 won by checkmate"]

1. d4 Nf6 2. c4 g6 3. Nc3 Bg7 4.
e4 d6 5. h3 O-O 6. Nf3 e5 7.
d5 a5 8. Bg5 Na6 9. Be2 h6 10.
Be3 Nc5 11. Qc2 Nfd7 12. g4 c6 13. O-O-O Qe7 14. h4 Nb6 15. Rdg1 cxd5 16. cxd5 Bd7 17. Qd2 Rfc8 18. Kb1 Qf8 19. h5 g5 20. Nxg5 hxg5 21. Bxg5 Nba4 22. h6 Nxc3+ 23. bxc3 Nxe4 24. Qe3 Nxc3+ 25. Ka1 Nxd5 26. Qd2 e4+ 27. hxg7 Qxg7+ 28. Qb2 Rc2 29. Qxg7+ Kxg7 30. Bh6+ Kg6 31. Bd1 Rxf2 32. g5 Nf4 33.
Rf1 Rxf1 34. Rxf1 Nd5 35. Bb3 Bc6 36. Rd1 e3 37. Bxd5 Bxd5 38. Re1 Re8 39. Kb2 Bc4 40. Kc3 Bxa2 41. Kd3 b5 42. Rxe3 Bc4+ 43. Kd4 Rxe3 44.
Kxe3 d5 45. Kd4 f6 46. Kc5 fxg5 47. Bf8 Kf5 48. Kd4 b4 49. Bd6 b3 50. Kc3 Ke4 51.
Bc7 d4+ 52. Kb2 g4 53. Ka3 Kf3 54. Bxa5 g3 55. Bb6 Ke4 56. Bc7 g2 57. Bh2 d3 58.
Kb2 d2 59. Bg1 d1=Q 60. Bc5 Qc2+ 61. Ka3 b2 62. Be3 Qb3# 0-1

[Event "*** Titled Tuesday Blitz"]
[Site "Chess.com"]
[Date "2018.08.07"]
[Round "10"]
[White "jposthuma"]
[Black "AndrewDGreen"]
[Result "0-1"]
[WhiteElo "2345"]
[BlackElo "2198"]
[TimeControl "180+2"]
[EndTime "15:21:54 PDT"]
[Termination "AndrewDGreen won by resignation"]

1. d4 Nf6 2. c4 g6 3. Nc3 Bg7 4. e4 d6 5. f3 c6 6. Be3 a6 7. Qd2 b5 8. O-O-O Nbd7 9. e5 Ng8 10.
f4 Qc7 11. Nf3 Nh6 12. h4 Ng4 13. Bg1 h5 14. exd6 exd6 15. Re1+ Kf8 16. Ne4 Nb6 17. c5 dxc5 18. dxc5 Nd5 19. Nd6 Be6 20. Ng5 Bf5 21. Nxf5 gxf5 22. Bd4 Qxf4 23. Bxg7+ Kxg7 24. Bd3 Nf2 25. Qxf4 Nxf4 26. Bxf5 Nxh1 27. Rxh1 Rad8 28. Rf1 Nd3+ 29.
Bxd3 Rxd3 30. Rxf7+ Kg6 31. Rc7 Rg3 32. Rxc6+ Kf5 33. Rxa6 Rc8 34. c6 Rxg2 35. Nf7 Ke6 36. Ng5+ Kd6 37. Ne4+ Kd5 38. Nc3+ Kc5 39. Ra5 Kxc6 40.
Rxb5 Rf8 41. Rxh5 Rf1+ 42. Nd1 Rgg1 43. Rh6+ Kc7 44. Rh7+ Kc6 45. Rh6+ Kc5 46. Rh5+ Kc4 47. b3+ Kb4 48. Kb2 Rg2+ 49. Kc1 Rxa2 50. Rd5 Ra1+ 51.
Kc2 Ra2+ 52. Kc1 Kxb3 53. Rd3+ Kc4 54. Rd8 Ra1+ 55. Kc2 Rf2+ 56. Rd2 Ra2+ 57. Nb2+ Rxb2+ 58. Kxb2 0-1

[Event "*** Titled Tuesday Blitz"]
[Site "Chess.com"]
[Date "2018.08.07"]
[Round "10"]
[White "ahmadzada13"]
[Black "xberli"]
[Result "1-0"]
[WhiteElo "2657"]
[BlackElo "2498"]
[TimeControl "180+2"]
[EndTime "15:22:06 PDT"]
[Termination "ahmadzada13 won by resignation"]

1. d4 Nf6 2. c4 g6 3. Nc3 d5 4.
Nf3 Bg7 5. Bg5 Ne4 6. cxd5 Nxg5 7. Nxg5 e5 8. Qd2 exd4 9. Nce4 O-O 10. d6 cxd6 11. Qf4 d5 12. Nd6 Nc6 13. Ngxf7 Qa5+ 14. Qd2 Qxd2+ 15. Kxd2 Rxf7 16. Nxf7 Kxf7 17. g3 Bh6+ 18.
f4 Bf5 19. Bg2 Be4 20. Bxe4 dxe4 21. Rac1 g5 22. Rhf1 gxf4 23. gxf4 Rg8 24. Rc5 Rg2 25. Rh5 Kg6 26. Rh3 Bf8 27. Rg3+ Rxg3 28. hxg3 Bb4+ 29. Kd1 h5 30. Rh1 Ne7 31. Kc2 Nf5 32. Kb3 Ba5 33.
Kc4 Bb6 34. Kd5 e3 35. Rg1 Kf6 36. Ke4 Nd6+ 37. Kd3 Kf5 38. Rh1 Kg4 39. Rh4+ Kxg3 40. Rxh5 Kxf4 41. b4 Nf5 42. Rh7 Nd6 43. a4 a5 44. Rh6 Ke5 45. Rh5+ Nf5 46. Rh7 Nd6 47. Rh5+ Ke6 48. bxa5 Ba7 49. Rh7 Kd5 50. a6 Kc6 51. a5 Bc5 52. axb7 Nxb7 53. a6 Nd8 54. Kc4 Bb6 55.
Re7 Kd6 56. a7 Bxa7 57. Rxa7 Nc6 58. Ra6 Kd7 59. Ra1 Kd6 60. Rh1 Ke5 61. Rh5+ Ke4 62. Rh4+ Kf5 63. Kd5 d3 64. exd3 Ne5 65. Rh5+ Kf4 66.
Rxe5 Kf3 67. Rxe3+ Kxe3 68. d4 1-0

[Event "*** Titled Tuesday Blitz"]
[Site "Chess.com"]
[Date "2018.08.07"]
[Round "10"]
[White "timator"]
[Black "ozates"]
[Result "1-0"]
[WhiteElo "2382"]
[BlackElo "2462"]
[TimeControl "180+2"]
[EndTime "15:22:15 PDT"]
[Termination "timator won by checkmate"]

1. Nf3 Nf6 2. g3 b6 3. Bg2 Bb7 4. O-O c5 5. c4 g6 6. Nc3 Bg7 7. b3 O-O 8. Bb2 Nc6 9. d4 cxd4 10.
Nxd4 Qc8 11. Rc1 Nxd4 12. Qxd4 Bxg2 13. Kxg2 Qb7+ 14. Kg1 d6 15. Rfd1 Nd7 16. Qd2 Nc5 17. Nd5 Bxb2 18. Qxb2 f6 19. Nf4 a5 20. a4 Kf7 21.
Qc3 h5 22. Qc2 Rg8 23. Rd5 Rg7 24. Rcd1 Rh8 25. h4 Qd7 26. Nd3 Qe6 27. Nf4 Qg4 28.
Ng2 g5 29. hxg5 h4 30. R1d4 Qh3 31. g6+ Rxg6 32. Qxg6+ Kxg6 33. Nf4+ Kf7 34. Nxh3 hxg3 35. Kg2 gxf2 36. Nxf2 Nxb3 37. Rd1 Nc5 38. Ra1 Rh4 39. Nd3 Rxc4 40. Nxc5 bxc5 41. Kf2 Ke6 42. Rd3 Rb4 43. Rh1 d5 44. Re3+ Kd6 45. Rh7 e6 46. Rf3 f5 47. Ra7 Rxa4 48. Ra6+ Ke5 49. Re3+ Kd4 50. Rexe6 c4 51. Rf6 Ke5 52. Rae6+ Kd4 53. Rxf5 Rb4 54. Ra6 Rb5 55. Rf3 Rc5 56. Ke1 c3 57. Kd1 Kc4 58. Kc2 d4 59. Rf4 Rb5 60. e3 Rb2+ 61. Kc1 Kb5 62.
Rd6 dxe3 63. Re4 e2 64. Rde6 a4 65. R6e5+ Kc6 66. Rxe2 Rb3 67. Ra2 a3 68. Ra5 Rb4 69. R2xa3 Rh4 70. Rxc3+ Kb6 71. Rd5 Rh1+ 72. Kc2 Rh2+ 73.
Rd2 Rh4 74. Kb3 Kb5 75. Rb2 Re4 76. Ka2+ Ka4 77. Ra3# 1-0